 Dungeon Crawl Stone Soup version 0.22-a0-538-g76cc104 (webtiles) character file.

70 Hebeh the Grave Robber (level 4, -7/36 HPs)
             Began as a Deep Dwarf Necromancer on June 23, 2018.
             Mangled by a gnoll
             ... wielding a +0 halberd
              (10 damage)
             ... on level 2 of the Dungeon.
             The game lasted 00:11:02 (1303 turns).

Hebeh the Grave Robber (Deep Dwarf Necromancer)     Turns: 1303, Time: 00:11:02

Health: -7/36      AC:  3    Str: 12    XL:     4   Next: 4%
Magic:  7/7        EV: 13    Int: 16    God:
Gold:   61         SH:  0    Dex: 13    Spells: 5/7 levels left

rFire    . . .     SeeInvis .   f - +2 whip (vamp)
rCold    . . .     Gourm    .   (no shield)
rNeg     . . .     Faith    .   a - +0 robe
rPois    .         Spirit   .   (no helmet)
rElec    .         Reflect  .   (no cloak)
rCorr    .         Harm     .   (no gloves)
MR       .....                  e - +0 pair of boots
Stlth    ++........             (no amulet)
HPRegen  0.00/turn              (no ring)
MPRegen  0.10/turn              (no ring)

@: non-regenerating
A: damage resistance, heal wounds, sense surroundings 1, no regeneration
a: Heal Wounds


You were on level 2 of the Dungeon.
You were not hungry.

You visited 1 branch of the dungeon, and saw 2 of its levels.

You collected 61 gold pieces.

Inventory:

Hand Weapons
 b - a +0 dagger
 f - a +2 vampiric whip (weapon)
Armour
 a - a +0 robe (worn)
 e - a +0 pair of boots (worn)
Scrolls
 g - a scroll of immolation {unknown}
 j - a scroll of blinking {unknown}
 k - a scroll of identify {unknown}
 l - 2 scrolls of remove curse {unknown}
 o - a scroll of teleportation {unknown}
 p - a scroll of fear {unknown}
Potions
 d - a potion of berserk rage {unknown}
 h - a potion of resistance {unknown}
 i - a potion of degeneration {unknown}
 n - a potion of mutation {unknown}
Comestibles
 c - 4 rations


   Skills:
 * Level 1.4 Maces & Flails
 + Level 2.7 Dodging
 + Level 2.9 Stealth
 + Level 2.1 Spellcasting
 + Level 5.1 Necromancy


You had 5 spell levels left.
You knew the following spells:

 Your Spells              Type           Power        Failure   Level  Hunger
a - Pain                  Necr           ###.         2%          1    #......
b - Animate Skeleton      Necr           N/A          2%          1    #......

Your spell library contained the following spells:

 Spells                   Type           Power        Failure   Level  Hunger
 Animate Dead             Necr           N/A          26%         4    #####..
 Vampiric Draining        Necr           ###.......   8%          3    ###....
 Regeneration             Chrm/Necr      #.........   22%         3    ###....


Dungeon Overview and Level Annotations

Branches:
Dungeon (2/15)

Altars:
Cheibriados
Gozag


Innate Abilities, Weirdness & Mutations

You are resistant to damage.
You can heal yourself by infusing magical energy.
You passively map a small area around you.
You do not regenerate.


Message History

The gnoll is lightly wounded.
The gnoll hits you with a whip! The gnoll closely misses you.
You hit the gnoll.
You feel better.
The gnoll is heavily wounded.
The gnoll closely misses you.
You closely miss the gnoll.
The gnoll is heavily wounded.
The gnoll hits you from afar with a halberd!
The gnoll closely misses you.
You hit the gnoll but do no damage.
The gnoll is heavily wounded.
The gnoll hits you from afar with a halberd.
The gnoll hits you with a whip!
* * * LOW HITPOINT WARNING * * *
You barely miss the gnoll.
The gnoll is heavily wounded.
The gnoll hits you with a whip!
* * * LOW HITPOINT WARNING * * *
The gnoll hits you from afar with a halberd!
You die...

#.#......##(.## #.#
#.###.......## #..
###.....#..#### ###
##.....###...###
...###..#..#...## ####
##...####..##### #
#.....###...>.#### *
#.###>.>..###..... ...#
#####.@g...... , ## .###
###)...... .# *g...... .## *
* ....... , * ..# * *
,,....... , #.# , * .......
, #.#
######################* *
#.#####....................#
#.......#...#...#...#...#..#
,


You could see 2 gnolls.

Vanquished Creatures
  A gnoll (D:2)
  3 adders (D:2)
  A dart slug (D:2)
  2 leopard geckos (D:1)
  A giant cockroach (D:2)
  3 goblins (D:2)
  A hobgoblin (D:1)
  4 jackals (D:1)
  3 kobolds (D:2)
  5 bats
  2 frilled lizards (D:2)
  4 rats
30 creatures vanquished.

Vanquished Creatures (collateral kills)
  A giant cockroach (D:2)
  A hobgoblin (D:1)
  A kobold (D:1)
3 creatures vanquished.

Grand Total: 33 creatures vanquished

Notes
Turn   | Place    | Note
-------+----------+-------------------------------------------
     0 | D:1      | Hebeh the Deep Dwarf Necromancer began the quest for the Orb.
     0 | D:1      | Reached XP level 1. HP: 15/15 MP: 3/3
     4 | D:1      | Learned a level 1 spell: Animate Skeleton
   183 | D:1      | Reached XP level 2. HP: 16/22 MP: 4/4
   764 | D:2      | Reached skill level 5 in Necromancy
   767 | D:2      | Reached XP level 3. HP: 20/28 MP: 6/6
   801 | D:2      | Found a snail-covered altar of Cheibriados.
   838 | D:2      | Reached skill level 1 in Maces & Flails
  1121 | D:2      | Found an opulent altar of Gozag.
  1297 | D:2      | Reached XP level 4. HP: 22/36 MP: 7/7
  1303 | D:2      | Mangled by a gnoll

Vault maps used:
D:1:      saegor_arrival_simple_e, serial_bayou_pond_d, minmay_door_square,
          st_stairs_14, minmay_misc_feat_x, minmay_strange_pillars
D:2:      lemuel_coloured_pillars_altar, kennysheep_slug_shrine

Skill      XL: |  1  2  3 |
---------------+----------+-----
Spellcasting   | 2 |  2.1
Necromancy     | 5 |  5.1
Maces & Flails | 1 |  1.4
Dodging        | |  2.7
Stealth        | |  2.9

Action                   |  1- 3 |  4- 6 || total
-------------------------+-------+-------++-------
Melee: Dagger            |    27 |       ||    27
       Whip              |    93 |     6 ||    99
 Cast: Pain              |    10 |       ||    10
       Animate Skeleton  |     4 |       ||     4
 Stab: Distracted        |     1 |       ||     1
       Sleeping          |     1 |       ||     1
  Eat: Chunk             |     3 |       ||     3
       Ration            |     1 |       ||     1
Armor: Robe              |    38 |       ||    38
Dodge: Dodged            |   119 |     6 ||   125

Table legend:
 A = Spawn XP
 B = Non-spawn XP
 C = Spawn XP percentage of total XP
 D = Spawn monster count
 E = Non-spawn monster count
 F = Spawn count percentage of total count
 G = Total turns spent on level
                    A         B        C        D         E        F      G
               +---------+---------+-------+---------+---------+-------+---------
         Total |       0 |     101 |   0.0 |       0 |      33 |   0.0 |  1303
               +---------+---------+-------+---------+---------+-------+---------
           D:1 |       0 |      24 |   0.0 |       0 |      14 |   0.0 |   719
           D:2 |       0 |      77 |   0.0 |       0 |      19 |   0.0 |   584
               +---------+---------+-------+---------+---------+-------+---------
